 Dungeon Crawl Stone Soup version 0.30.1-3-gfc49f6343a (webtiles) character file.

Game seed: 10687039059148904212

123 Heoruswealwe the Shield-Bearer (level 4, -1/57 HPs)
             Began as a Demigod Fighter on Aug 7, 2023.
             Slain by a gnoll
             ... wielding a +0 halberd
             ... led by a gnoll bouda
              (2 damage)
             ... on level 3 of the Dungeon.
             The game lasted 00:19:59 (2691 turns).

Heoruswealwe the Shield-Bearer (Demigod Fighter)    Turns: 2691, Time: 00:19:59

Health: -1/57      AC:  8    Str: 21    XL:     4   Next: 51%
Magic:  6/6        EV:  9    Int: 10    God:
Gold:   117        SH:  5    Dex: 13    Spells: 3/3 levels left

rFire   . . .        a - +0 war axe
rCold   . . .        d - +0 buckler
rNeg    . . .        c - +0 scale mail
rPois   .            (no helmet)
rElec   .            h - +0 cloak
rCorr   .            (no gloves)
SInv    .            (no boots)
Will    +....        (no amulet) Stlth
                     k - ring of wizardry
HPRegen 0.29/turn    j - ring of willpower
MPRegen 0.10/turn

%: wizardry (x1)
@: berserking, lethally poisoned (-1 -> -6), very quick
A: high MP 1, forlorn, divine attributes
a: no special abilities


You were on level 3 of the Dungeon.
You visited 1 branch of the dungeon, and saw 3 of its levels.

You collected 117 gold pieces.

Inventory:

Hand Weapons
 a - a +0 war axe (weapon)
Armour
 c - a +0 scale mail (worn)
 d - a +0 buckler (worn)
 h - a +0 cloak (worn)
Jewellery
 j - a ring of willpower (right hand)
 k - a ring of wizardry (left hand)
Scrolls
 f - a scroll of fog {unknown}
 g - a scroll of enchant armour {unknown}
 i - a scroll of poison {unknown}
 m - a scroll of silence {unknown}
 n - a scroll of identify {unknown}
 o - 3 scrolls of fear {unknown}
Potions
 b - a potion of might
 l - a potion of mutation {unknown}


   Skills:
 + Level 3.4 Fighting
 + Level 2.7 Axes
 + Level 3.4 Armour
 + Level 3.4 Shields


You had 3 spell levels left.
You didn't know any spells.
Your spell library contained the following spells:

 Spells                   Type           Power      Damage    Failure   Level
 Blink                    Tloc           0%         N/A       56%         2
 Manifold Assault         Tloc           0%         N/A       99%         4
 Storm Form               Tmut/Air       0%         N/A       100%        7


Dungeon Overview and Level Annotations

Branches:
Dungeon (3/15)


Innate Abilities, Weirdness & Mutations

You have an increased reservoir of magic. (+10% MP)
You shall have no god before yourself.
Your divine heritage dramatically boosts your attributes as you level up.


Message History

The gnoll bouda hits you but does no damage.
You are poisoned.
You feel very sick.
You slash the gnoll bouda!
The gnoll bouda is almost dead.
You feel sick.
The gnoll bouda hits you with a +1 whip of venom.
You are lethally poisoned!
It was a potion of berserk rage.
A red film seems to cover your vision as you go berserk!
You feel yourself moving faster!
You feel mighty!
You feel sick.
The gnoll bouda hits you but does no damage.
You are lethally poisoned!
You are too berserk!
You slash the gnoll bouda!
You kill the gnoll bouda!
* * * LOW HITPOINT WARNING * * *
You feel very sick. You block the gnoll's attack.
You have reached level 4!
You slash the gnoll!
The gnoll is severely wounded.
* * * LOW HITPOINT WARNING * * *
You feel very sick. You block the gnoll's attack.
You are too berserk!
You slice the gnoll!!
You kill the gnoll!
* * * LOW HITPOINT WARNING * * *
You feel very sick. The gnoll closely misses you.
You slash the gnoll!
You kill the gnoll!
* * * LOW HITPOINT WARNING * * *
You feel sick.
The gnoll hits you from afar with a +0 halberd.
* * * LOW HITPOINT WARNING * * *
* * * LOW HITPOINT WARNING * * *
You feel sick. The gnoll hits you with a +0 halberd.
You die...

################
#.....##....g...
#.....#(.g.....g ###
#............g.. #.#
##........g.g.... #..
#>......#####+####+#^###.#
#.............. .........
#...#'#.#####.# #.#.#.#.#
#...#.#gg@..# #.#.#
#...#.#.###.# # #.#
#.....#.# #.# #.#
#.....### #.# ..# #.....#
#.# #.# ###########..# #.#
..# ..........#..#####.# #
..........#.....##.#### #
..........#.....'...... #


You could see 2 gnolls.

Vanquished Creatures
  A gnoll bouda (D:3)
  3 gnolls (D:3)
  A worm (D:2)
  2 dart slugs
  An orc (D:3)
  4 endoplasms
  4 giant cockroaches
  6 goblins
  5 hobgoblins
  9 kobolds
  2 quokkas
  4 ball pythons
  3 bats (D:1)
  3 frilled lizards
  6 rats (D:1)
54 creatures vanquished.

Notes
Turn   | Place    | Note
-------+----------+-------------------------------------------
     0 | D:1      | Heoruswealwe the Demigod Fighter began the quest for the
                  | Orb.
     0 | D:1      | Reached XP level 1. HP: 18/18 MP: 3/3
   283 | D:1      | Reached XP level 2. HP: 22/25 MP: 4/4
  1070 | D:2      | Reached XP level 3. HP: 26/31 MP: 5/5
  1724 | D:1      | You fall into a shaft and drop 1 floor!
  2688 | D:3      | Reached XP level 4. HP: 11/38 MP: 6/6
  2691 | D:3      | HP: 1/57 [poisoned by a gnoll bouda]
  2691 | D:3      | Slain by a gnoll

Illustrated notes

Levels and vault maps discovered:
D:1:      dpeg_arrival_pond, layout_basic
D:2:      layout_basic
D:3:      minmay_angry_zag, layout_basic, mainiacjoe_overflow_surrounded_room,
          nicolae_ecumenical_oubliette

Skill      XL: |  1  2 |
---------------+-------+-----
Axes           | 2 |  2.7
Armour         | 3 |  3.4
Shields        | 3 |  3.4
Fighting       | 3 |  3.4

Action                     |  1- 3 |  4- 6 || total
---------------------------+-------+-------++-------
  Melee: War axe           |   151 |     3 ||   154
    Use: Potion            |     1 |       ||     1
 Armour: Scale mail        |    68 |       ||    68
  Dodge: Dodged            |    65 |     1 ||    66
  Block: Buckler           |    37 |     1 ||    38
